TOP OF THE 1ST |
Bridgetown Tridents batting - Pitching for Mexico City Conquistadors : RHP Jose Bonifilio
|
Pitching: RHP Jose Bonifilio
|
|
Batting: SHB Harold Reynolds
|
0-0: Ball 1-0: Called Strike 1-1: Called Strike 1-2: Reached on error, E6 (Groundball, 6, EV 76.3 MPH)
|
Batting: SHB Jeff Doyle
|
0-0: Ball 1-0: Ball 2-0: Fly out, F5 (Popup, 5S, EV 77.5 MPH)
|
Batting: RHB Fritzie Connally
|
0-0: Called Strike 0-1: Foul Ball, location: 2F 0-2: Ball 1-2: Ball 2-2: Foul Ball, location: 2F 2-2: Foul Ball, location: 2F 2-2: Foul Ball, location: 2F 2-2: Grounds into double play, 5-4-3 (Groundball, 56, EV 86.9 MPH)
|
Top of the 1st over - 0 runs, 0 hits, 1 error, 0 left on base; Bridgetown 0 - Mexico City 0 |
BOTTOM OF THE 1ST |
Mexico City Conquistadors batting - Pitching for Bridgetown Tridents : RHP Dennis Bolden
|
Pitching: RHP Dennis Bolden
|
|
Batting: RHB Brad Komminsk
|
0-0: Ball 1-0: DOUBLE (Flyball, 78XD, EV 101.3 MPH)
|
Batting: RHB German Rivera
|
0-0: Foul Ball, location: 2F 0-1: Swinging Strike 0-2: Ball 1-2: Strikes out swinging
|
Batting: RHB Chris James
|
0-0: Called Strike Brad Komminsk steals 3rd base (no throw) 0-1: Ball 1-1: Ball 2-1: Fly out, F9 (Flyball, 9LM, EV 101.9 MPH) Runner from 3rd tags up, SCORES, no throw by RF
|
Batting: RHB George Gomez
|
0-0: Foul Ball, location: 2F 0-1: Called Strike 0-2: Strikes out swinging, 2-3 out at first.
|
Bottom of the 1st over - 1 run, 1 hit, 0 errors, 0 left on base; Bridgetown 0 - Mexico City 1 |
TOP OF THE 2ND |
Bridgetown Tridents batting - Pitching for Mexico City Conquistadors : RHP Jose Bonifilio
|
Batting: RHB Cal Ripken
|
0-0: Ball 1-0: Called Strike 1-1: Ball 2-1: Fly out, F8 (Flyball, 8RD, EV 91.9 MPH)
|
Batting: LHB Paul O'Neill
|
0-0: Foul Ball, location: 2F 0-1: Ball 1-1: SINGLE (Groundball, 25, EV 71.9 MPH) (infield hit)
|
Batting: LHB Ray Cosey
|
0-0: Ball 1-0: Ball 2-0: Foul Ball, location: 2F 2-1: Fly out, F7 (Line Drive, 7, EV 103.8 MPH)
|
Batting: RHB Jose Canseco
|
0-0: Foul Ball, location: 2F 0-1: Ball 1-1: Foul Ball, location: 2F 1-2: Strikes out swinging, 2-3 out at first.
|
Top of the 2nd over - 0 runs, 1 hit, 0 errors, 1 left on base; Bridgetown 0 - Mexico City 1 |
BOTTOM OF THE 2ND |
Mexico City Conquistadors batting - Pitching for Bridgetown Tridents : RHP Dennis Bolden
|
Batting: LHB John Kruk
|
0-0: Called Strike 0-1: Ball 1-1: Ball 2-1: Ground out 3-1 (Groundball, 34D, EV 79.4 MPH)
|
Batting: RHB Mariano Duncan
|
0-0: Called Strike 0-1: Fly out, F9 (Flyball, 9, EV 80.6 MPH)
|
Batting: LHB Mike Martin
|
0-0: Called Strike 0-1: Ball 1-1: Foul Ball, location: 2F 1-2: Foul Ball, location: 2F 1-2: Foul Ball, location: 2F 1-2: Foul Ball, location: 2F 1-2: Ball 2-2: Ground out U3 (Groundball, 34, EV 87.5 MPH)
|
Bottom of the 2nd over - 0 runs, 0 hits, 0 errors, 0 left on base; Bridgetown 0 - Mexico City 1 |
TOP OF THE 3RD |
Bridgetown Tridents batting - Pitching for Mexico City Conquistadors : RHP Jose Bonifilio
|
Batting: SHB Butch Wynegar
|
0-0: SINGLE (Flyball, 34D, EV 90.0 MPH)
|
Batting: LHB Jon Jimenez
|
0-0: Called Strike 0-1: Fielders Choice at 2nd, 2-6 (Groundball, 13S, EV 72.5 MPH)
|
Batting: SHB Harold Reynolds
|
0-0: Ball 1-0: SINGLE (Line Drive, 9S, EV 97.5 MPH) Jon Jimenez to second Runner from 2nd tries for 3rd, SAFE, no throw by RF
|
Batting: SHB Jeff Doyle
|
0-0: Ball 1-0: SINGLE (Line Drive, 78M, EV 97.5 MPH) Jon Jimenez scores Harold Reynolds to second Runner from 2nd tries for 3rd, SAFE, throw by LF made to third
|
Batting: RHB Fritzie Connally
|
0-0: Ball 1-0: Swinging Strike 1-1: Ball 2-1: Foul Ball, location: 2F 2-2: Foul Ball, location: 2F 2-2: Ball 3-2: Base on Balls Jeff Doyle to second
|
Batting: RHB Cal Ripken
|
0-0: Ball 1-0: Called Strike 1-1: Ball 2-1: Foul Ball, location: 2F 2-2: Ball 3-2: Base on Balls Harold Reynolds scores Jeff Doyle to third Fritzie Connally to second
|
Batting: LHB Paul O'Neill
|
0-0: Called Strike 0-1: Ball 1-1: Foul Ball, location: 2F 1-2: Strikes out swinging
|
Batting: LHB Ray Cosey
|
0-0: Ground out 5-3 (Groundball, 56, EV 85.0 MPH)
|
Top of the 3rd over - 2 runs, 3 hits, 0 errors, 3 left on base; Bridgetown 2 - Mexico City 1 |
BOTTOM OF THE 3RD |
Mexico City Conquistadors batting - Pitching for Bridgetown Tridents : RHP Dennis Bolden
|
Batting: RHB Jorge Villalobos
|
0-0: Foul Ball, location: 2F 0-1: Ground out 6-3 (Groundball, 6MS, EV 81.9 MPH)
|
Batting: RHB Jose Maldonado
|
0-0: TRIPLE (Line Drive, 78XD, EV 100.0 MPH)
|
Batting: RHB Brad Komminsk
|
0-0: Ball 1-0: Ground out 5-3 (Groundball, 56S, EV 88.8 MPH) Jose Maldonado scores
|
Batting: RHB German Rivera
|
0-0: Foul Ball, location: 2F 0-1: Ground out 6-3 (Groundball, 6, EV 90.6 MPH)
|
Bottom of the 3rd over - 1 run, 1 hit, 0 errors, 0 left on base; Bridgetown 2 - Mexico City 2 |
TOP OF THE 4TH |
Bridgetown Tridents batting - Pitching for Mexico City Conquistadors : RHP Jose Bonifilio
|
Batting: RHB Jose Canseco
|
0-0: Called Strike 0-1: Foul Ball, location: 2F 0-2: Ball 1-2: Foul Ball, location: 2F 1-2: Ball 2-2: Strikes out swinging
|
Batting: SHB Butch Wynegar
|
0-0: SINGLE (Groundball, 3D, EV 97.5 MPH)
|
Batting: LHB Jon Jimenez
|
0-0: Swinging Strike 0-1: Hit by Pitch Butch Wynegar to second
|
Batting: SHB Harold Reynolds
|
0-0: Ball 1-0: Fielders Choice at 2nd, 4-6 (Groundball, 4, EV 105.0 MPH) Butch Wynegar to third
|
Batting: SHB Jeff Doyle
|
0-0: Ball 1-0: Swinging Strike 1-1: Foul Ball, location: 2F 1-2: Fly out, F7 (Flyball, 7, EV 77.5 MPH)
|
Top of the 4th over - 0 runs, 1 hit, 0 errors, 2 left on base; Bridgetown 2 - Mexico City 2 |
BOTTOM OF THE 4TH |
Mexico City Conquistadors batting - Pitching for Bridgetown Tridents : RHP Dennis Bolden
|
Batting: RHB Chris James
|
0-0: Ball 1-0: SOLO HOME RUN (Flyball, 7D, EV 100.6 MPH), Distance : 418 ft
|
Batting: RHB George Gomez
|
0-0: Ball 1-0: Fly out, F9 (Flyball, 89XD, EV 91.3 MPH)
|
Batting: LHB John Kruk
|
0-0: Ball 1-0: Foul Ball, location: 2F 1-1: Ball 2-1: Ball 3-1: Base on Balls
|
Batting: RHB Mariano Duncan
|
0-0: Swinging Strike 0-1: Ball 1-1: Ball 2-1: Foul Ball, location: 2F 2-2: Foul Ball, location: 2F 2-2: Strikes out swinging
|
Batting: LHB Mike Martin
|
0-0: Swinging Strike 0-1: Ball 1-1: Ball 2-1: Foul Ball, location: 2F 2-2: Foul Ball, location: 2F 2-2: Strikes out swinging
|
Bottom of the 4th over - 1 run, 1 hit, 0 errors, 1 left on base; Bridgetown 2 - Mexico City 3 |
TOP OF THE 5TH |
Bridgetown Tridents batting - Pitching for Mexico City Conquistadors : RHP Jose Bonifilio
|
Batting: RHB Fritzie Connally
|
0-0: Swinging Strike 0-1: Ball 1-1: Ball 2-1: SINGLE (Groundball, 6MD, EV 112.5 MPH)
|
Batting: RHB Cal Ripken
|
0-0: Ball 1-0: Called Strike 1-1: Fly out, F8 (Line Drive, 8RM, EV 102.5 MPH)
|
Batting: LHB Paul O'Neill
|
0-0: Ball 1-0: Swinging Strike 1-1: Ball 2-1: Foul Ball, location: 2F 2-2: Ball 3-2: Foul Ball, location: 2F 3-2: Foul Ball, location: 2F 3-2: Foul Ball, location: 2F 3-2: Base on Balls Fritzie Connally to second
|
Batting: LHB Ray Cosey
|
0-0: Called Strike 0-1: Ball 1-1: DOUBLE (Line Drive, 7LD, EV 113.1 MPH) Fritzie Connally scores Paul O'Neill to third Runner from 3rd tries for Home, SAFE, throw by LF to home
|
Batting: RHB Jose Canseco
|
0-0: Ball 1-0: Called Strike 1-1: SINGLE (Groundball, 6MD, EV 98.8 MPH) Ray Cosey to third Runner from 3rd tries for Home, SAFE, throw by CF to home Jose Canseco to second
|
Pitching: RHP Ricky Valentin
|
|
Batting: SHB Butch Wynegar
|
0-0: Called Strike 0-1: Ball 1-1: Fly out, F3 (Popup, 3, EV 70.0 MPH)
|
Batting: LHB Jon Jimenez
|
0-0: Called Strike 0-1: Swinging Strike 0-2: Ball 1-2: SINGLE (Groundball, 6MD, EV 102.5 MPH) Jose Canseco to third Runner from 3rd tries for Home, SAFE, throw by CF to home Jon Jimenez to second
|
Batting: SHB Harold Reynolds
|
0-0: Called Strike 0-1: Fly out, F5 (Popup, 5SF, EV 70.0 MPH)
|
Top of the 5th over - 4 runs, 4 hits, 0 errors, 1 left on base; Bridgetown 6 - Mexico City 3 |
BOTTOM OF THE 5TH |
Mexico City Conquistadors batting - Pitching for Bridgetown Tridents : RHP Dennis Bolden
|
Batting: RHB Jorge Villalobos
|
0-0: Swinging Strike 0-1: Hit by Pitch
|
Batting: RHB Jose Maldonado
|
0-0: Ball 1-0: Grounds into double play, 5-4-3 (Groundball, 56S, EV 93.8 MPH)
|
Batting: RHB Brad Komminsk
|
0-0: Called Strike 0-1: Called Strike 0-2: Foul Ball, location: 2F 0-2: Ball 1-2: Strikes out swinging
|
Bottom of the 5th over - 0 runs, 0 hits, 0 errors, 0 left on base; Bridgetown 6 - Mexico City 3 |
TOP OF THE 6TH |
Bridgetown Tridents batting - Pitching for Mexico City Conquistadors : RHP Ricky Valentin
|
Batting: SHB Jeff Doyle
|
0-0: Swinging Strike 0-1: SINGLE (Line Drive, 8LS, EV 90.6 MPH)
|
Batting: RHB Fritzie Connally
|
0-0: Ball 1-0: SINGLE (Groundball, 6MD, EV 98.1 MPH) Jeff Doyle to second Runner from 2nd tries for 3rd, SAFE, throw by CF made to third
|
Batting: RHB Cal Ripken
|
0-0: Ball 1-0: Called Strike Fritzie Connally steals 2nd base 1-1: Called Strike 1-2: Ball 2-2: Strikes out swinging passed ball, reaches first! Jeff Doyle scores Fritzie Connally to third
|
Batting: LHB Paul O'Neill
|
0-0: Ball 1-0: Foul Ball, location: 2F 1-1: SINGLE (Flyball, 5D, EV 100.0 MPH) Fritzie Connally scores Cal Ripken to second
|
Batting: LHB Ray Cosey
|
0-0: Grounds into double play, 6-4-3 (Groundball, 6, EV 103.8 MPH) Cal Ripken to third
|
Batting: RHB Jose Canseco
|
0-0: Ball 1-0: Called Strike 1-1: Swinging Strike 1-2: Strikes out swinging
|
Top of the 6th over - 2 runs, 3 hits, 0 errors, 1 left on base; Bridgetown 8 - Mexico City 3 |
BOTTOM OF THE 6TH |
Mexico City Conquistadors batting - Pitching for Bridgetown Tridents : RHP Dennis Bolden
|
Batting: RHB German Rivera
|
0-0: Ball 1-0: Ball 2-0: Ball 3-0: Called Strike 3-1: Foul Ball, location: 2F 3-2: Strikes out swinging
|
Batting: RHB Chris James
|
0-0: Ground out 4-3 (Groundball, 4, EV 78.1 MPH)
|
Batting: RHB George Gomez
|
0-0: Ground out 4-3 (Groundball, 4, EV 108.8 MPH)
|
Bottom of the 6th over - 0 runs, 0 hits, 0 errors, 0 left on base; Bridgetown 8 - Mexico City 3 |
TOP OF THE 7TH |
Bridgetown Tridents batting - Pitching for Mexico City Conquistadors : RHP Ricky Valentin
|
Batting: SHB Butch Wynegar
|
0-0: Called Strike 0-1: SINGLE (Groundball, 3D, EV 101.3 MPH)
|
Batting: LHB Jon Jimenez
|
0-0: Fly out, F7 (Flyball, 7, EV 86.3 MPH)
|
Batting: SHB Harold Reynolds
|
0-0: Fly out, F5 (Line Drive, 5, EV 70.0 MPH)
|
Batting: SHB Jeff Doyle
|
0-0: Fly out, F8 (Flyball, 8RS, EV 93.1 MPH)
|
Top of the 7th over - 0 runs, 1 hit, 0 errors, 1 left on base; Bridgetown 8 - Mexico City 3 |
BOTTOM OF THE 7TH |
Mexico City Conquistadors batting - Pitching for Bridgetown Tridents : RHP Dennis Bolden
|
Batting: LHB John Kruk
|
0-0: Ball 1-0: SINGLE (Flyball, 3D, EV 96.9 MPH)
|
Batting: RHB Mariano Duncan
|
0-0: Ball 1-0: Ball 2-0: Ball 3-0: Called Strike 3-1: Fly out, F8 (Flyball, 89S, EV 86.9 MPH)
|
Batting: LHB Mike Martin
|
0-0: Ball 1-0: Called Strike 1-1: Called Strike 1-2: Ball 2-2: Ball 3-2: Strikes out swinging
|
Batting: RHB Jorge Villalobos
|
0-0: Called Strike 0-1: Foul Ball, location: 2F 0-2: Ball 1-2: Strikes out swinging
|
Bottom of the 7th over - 0 runs, 1 hit, 0 errors, 1 left on base; Bridgetown 8 - Mexico City 3 |
TOP OF THE 8TH |
Bridgetown Tridents batting - Pitching for Mexico City Conquistadors : RHP Ricky Valentin
|
Batting: RHB Fritzie Connally
|
0-0: Called Strike 0-1: Ball 1-1: Swinging Strike 1-2: Foul Ball, location: 2F 1-2: Foul Ball, location: 2F 1-2: Ball 2-2: Foul Ball, location: 2F 2-2: Strikes out looking
|
Batting: RHB Cal Ripken
|
0-0: Ground out 6-3 (Groundball, 6, EV 106.9 MPH)
|
Batting: LHB Paul O'Neill
|
0-0: Ground out 5-3 (Groundball, 5L, EV 98.1 MPH)
|
Top of the 8th over - 0 runs, 0 hits, 0 errors, 0 left on base; Bridgetown 8 - Mexico City 3 |
BOTTOM OF THE 8TH |
Mexico City Conquistadors batting - Pitching for Bridgetown Tridents : RHP Dennis Bolden
|
Batting: RHB Jose Maldonado
|
0-0: Swinging Strike 0-1: Foul Ball, location: 2F 0-2: Ball 1-2: Fly out, F7 (Flyball, 7LS, EV 89.4 MPH)
|
Batting: RHB Brad Komminsk
|
0-0: Ball 1-0: Ball 2-0: Swinging Strike 2-1: Ground out 5-3 (Groundball, 5, EV 99.4 MPH)
|
Batting: RHB German Rivera
|
0-0: Foul Ball, location: 2F 0-1: Ball 1-1: Foul Ball, location: 2F 1-2: SINGLE (Groundball, 6M, EV 85.0 MPH) (infield hit)
|
Pitching: LHP Mike Madden
|
|
Batting: RHB Chris James
|
0-0: Ball 1-0: Called Strike 1-1: Called Strike 1-2: Strikes out swinging
|
Bottom of the 8th over - 0 runs, 1 hit, 0 errors, 1 left on base; Bridgetown 8 - Mexico City 3 |
TOP OF THE 9TH |
Bridgetown Tridents batting - Pitching for Mexico City Conquistadors : RHP Ricky Valentin
|
Batting: LHB Ray Cosey
|
0-0: Foul Ball, location: 2F 0-1: Foul Ball, location: 2F 0-2: Ball 1-2: Ball 2-2: Foul Ball, location: 2F 2-2: Foul Ball, location: 2F 2-2: Strikes out swinging
|
Batting: RHB Jose Canseco
|
0-0: Swinging Strike 0-1: Swinging Strike 0-2: Strikes out looking
|
Batting: SHB Butch Wynegar
|
0-0: Fly out, F9 (Flyball, 9S, EV 76.3 MPH)
|
Top of the 9th over - 0 runs, 0 hits, 0 errors, 0 left on base; Bridgetown 8 - Mexico City 3 |
BOTTOM OF THE 9TH |
Mexico City Conquistadors batting - Pitching for Bridgetown Tridents : LHP Mike Madden
|
Batting: RHB George Gomez
|
0-0: Fly out, F3 (Popup, 34, EV 56.3 MPH)
|
Batting: LHB John Kruk
|
0-0: Called Strike 0-1: Ball 1-1: Ball 2-1: Ball 3-1: Foul Ball, location: 2F 3-2: Base on Balls
|
Batting: RHB Mariano Duncan
|
0-0: Ball 1-0: Ball 2-0: Ball 3-0: Called Strike 3-1: Fielders Choice at 2nd, 5-4 (Groundball, 56, EV 102.5 MPH)
|
Batting: LHB Mike Martin
|
0-0: Ball 1-0: Called Strike 1-1: Ball 2-1: Ground out 4-3 (Groundball, 4, EV 97.5 MPH)
|
Bottom of the 9th over - 0 runs, 0 hits, 0 errors, 1 left on base; Bridgetown 8 - Mexico City 3 |
|